 Dungeon Crawl Stone Soup version 0.19-a0-1170-g18f0c96 (webtiles) character file.

9100 hairmachine the Carver (level 11, -1/95 HPs)
             Began as a Minotaur Fighter on Aug 17, 2016.
             Was a High Priest of Zin.
             Slain by a blink frog (5 damage)
             ... on level 2 of the Lair of Beasts.
             The game lasted 00:24:07 (11278 turns).

hairmachine the Carver (Minotaur Fighter)          Turns: 11278, Time: 00:24:08

Health: -1/95      AC: 17    Str: 24    XL:     11   Next: 18%
Magic:  14/14      EV: 12    Int: 12    God:    Zin [*****.]
Gold:   529        SH:  0    Dex: 14    Spells: 0 memorised, 10 levels left

rFire  . . .     SeeInvis .     E - +1 great sword
rCold  . . .     Gourm    .     b - +1 chain mail {rN+}
rNeg   + . .     Faith    +     (shield currently unavailable)
rPois  ∞         Spirit   .     (helmet restricted)
rElec  .         Dismiss  .     D - +2 cloak
rCorr  .         Reflect  .     (no gloves)
MR     +....     Harm     .     g - +0 pair of boots
Stlth  ..........               w - amulet of faith
                                J - ring of poison resistance
                                r - ring of protection from magic

@: brilliant, lethally poisoned (-1 -> -1), vitalised
A: retaliatory headbutt, horns 2, screaming 1
a: Recite, Vitalisation, Imprison, Sanctuary, Donate Gold, Renounce Religion


You were on level 2 of the Lair of Beasts.
You worshipped Zin.
Zin was extremely pleased with you.
You were not hungry.

You visited 2 branches of the dungeon, and saw 11 of its levels.

You collected 587 gold pieces.
You donated 58 gold pieces to Zin.

Inventory:

Hand Weapons
 E - a +1 great sword (weapon)
Armour
 b - a +1 chain mail of positive energy (worn)
 g - a +0 pair of boots (worn)
 D - a +2 cloak (worn)
Jewellery
 r - a ring of protection from magic (left hand)
 w - an amulet of faith (around neck)
 J - a ring of poison resistance (right hand)
Wands
 m - a wand of iceblast (12/15)
 K - a wand of iceblast (1/15)
Scrolls
 e - 2 scrolls of blinking
 i - 5 scrolls of identify
 j - 6 scrolls of recharging
 k - 7 scrolls of remove curse
 p - a scroll of fog
 t - a scroll of magic mapping
 B - a scroll of fear
Potions
 q - 2 potions of haste
Books
 d - a book of Misfortune

   Spells                             Type                      Level
   a - Confusing Touch                Hexes                        1
   b - Confuse                        Hexes                        3
   c - Gell's Gravitas                Hexes/Translocation          3
   d - Petrify                        Transmutation/Earth          4
   e - Metabolic Englaciation         Hexes/Ice                    5
   f - Yara's Violent Unravelling     Hexes/Transmutation          5
 x - a book of Cantrips

   Spells                             Type                      Level
   a - Confusing Touch                Hexes                        1
   b - Animate Skeleton               Necromancy                   1
   c - Summon Small Mammal            Summoning                    1
   d - Apportation                    Translocation                1
 C - a book of Air

   Spells                             Type                      Level
   a - Shock                          Conjuration/Air              1
   b - Swiftness                      Charms/Air                   2
   c - Repel Missiles                 Charms/Air                   2
   d - Static Discharge               Conjuration/Air              3
   e - Lightning Bolt                 Conjuration/Air              5
Comestibles
 c - 18 chunks of flesh
 f - 4 bread rations
 h - 4 meat rations
 l - 10 royal jellies
 u - 6 beef jerkies
 M - 2 fruits


   Skills:
 + Level 8.6 Fighting
 + Level 12.4 Long Blades
 - Level 9.6 Armour
 + Level 7.0 Dodging
   Level 3.6 Shields
 + Level 6.6 Invocations
 + Level 3.0 Evocations


You had 10 spell levels left.
You didn't know any spells.

Dungeon Overview and Level Annotations

Branches:
Dungeon (9/15)             Temple (0/1) D:7            Lair (2/6) D:9
    Orc (0/2) D:9
  Swamp: Lair:2-4    Shoals: Lair:2-4     Snake: Lair:2-4    Spider: Lair:2-4

Altars:
Ashenzari
Cheibriados
Elyvilon
Fedhas
Gozag
Hepliaklqana
Nemelex Xobeh
Okawaru
Pakellas
Qazlal
Trog
Uskayaw
Yredelemnul
Zin
The Shining One

Shops:
D:4 %   D:7 (   D:8 :

Annotations:
D:7 Prince Ribbit


Innate Abilities, Weirdness & Mutations

You reflexively headbutt those who attack you in melee.
You have a pair of horns on your head.
You occasionally shout uncontrollably at your foes.


Message History

The blink frog barely misses you. The blink frog closely misses you.
It was a potion of brilliance.
You feel clever all of a sudden.
You feel less invigorated.
You feel less confused. The blink frog barely misses you.
You furiously retaliate!
You headbutt the blink frog!
The blink frog blinks!
The blink frog misses you.
The blink frog hits you but does no damage.
The blink frog hits you!
* * * LOW HITPOINT WARNING * * *
The blink frog blinks!
It was a potion of mutation.
You feel extremely strange. Zin protects your body from mutation!
You feel the urge to shout. Zin protects your body from mutation!
Zin forgives your inadvertent chaotic act, just this once.
The blink frog hits you!
* * * LOW HITPOINT WARNING * * *
The blink frog blinks!
The blink frog hits you.
You die...

#.........#.#.......
..###P..........#.......
...F.P..................
........................
........................
........................
..F........#..###.......
.....P§§F.##..###.......
....#@..#....#........
....###F..............
... ##......#.........
.. ##...⌠.............
##...§.....#........
##......#.##..#......
##..⌠..#..## #........
#.....F.F.............
#.....................


You could see 4 blink frogs.

Vanquished Creatures
  A hydra (Lair:1)
  A black mamba (Lair:2)
  3 spiny frogs
  A kobold demonologist (D:8)
  2 komodo dragons
  A two-headed ogre (D:9)
  A troll (D:9)
  10 yaks
  A hungry ghost (D:8)
  4 hippogriffs
  Menkaure (D:7)
  A soldier ant (D:8)
  2 water moccasins
  Duvessa (D:5)
  An orc warrior (D:6)
  A porcupine (Lair:1)
  3 wasps (D:8)
  An eye of draining (D:8)
  An ice beast (D:7)
  4 ogres
  5 centaurs
  2 crocodiles (Lair:1)
  9 giant frogs
  Dowan (D:5)
  A water moccasin zombie (D:8)
  3 scorpions
  3 killer bees (D:9)
  2 crimson imps
  The ghost of crawlian the Firebug, a weakling DEFE (D:3)
  A quasit (D:8)
  A giant frog zombie (D:6)
  2 centaur zombies
  A hound (D:4)
  3 jellies (D:6)
  4 orc priests
  3 orc wizards
  A giant frog skeleton (D:7)
  4 iguanas
  4 worker ants
  A killer bee zombie (D:9)
  A mummy (D:6)
  2 hound skeletons (D:9)
  16 adders
  A shadow imp (D:6)
  An adder skeleton (D:7)
  3 dart slugs
  18 orcs
  5 ball pythons
  5 giant cockroaches
  5 hobgoblins
  2 jackals (D:6)
  5 quokkas
  8 bats
  2 giant newts
  12 goblins
  A goblin zombie (D:6)
  A jackal skeleton (D:6)
  6 kobolds
  An orc zombie (D:6)
  A quokka skeleton (D:8)
  10 rats
199 creatures vanquished.

Vanquished Creatures (others)
  A fungus (Lair:1)
1 creature vanquished.

Grand Total: 200 creatures vanquished

Notes
Turn   | Place    | Note
-------+----------+-------------------------------------------
     0 | D:1      | hairmachine the Minotaur Fighter began the quest for the Orb.
     0 | D:1      | Reached XP level 1. HP: 19/19 MP: 0/0
   190 | D:1      | Reached skill level 3 in Long Blades
   213 | D:1      | Reached XP level 2. HP: 26/26 MP: 1/1
   571 | D:1      | Reached skill level 4 in Long Blades
   849 | D:2      | Reached XP level 3. HP: 30/31 MP: 2/2
  1126 | D:2      | Found a glowing silver altar of Zin.
  1135 | D:2      | Reached skill level 5 in Long Blades
  1139 | D:2      | Became a worshipper of Zin the Law-Giver
  1711 | D:3      | Reached XP level 4. HP: 30/39 MP: 3/3
  1967 | D:3      | Found a white marble altar of Elyvilon.
  1979 | D:3      | Noticed crawlian's ghost (weakling DEFE)
  1990 | D:3      | Killed crawlian's ghost
  2105 | D:3      | Reached skill level 6 in Long Blades
  2199 | D:3      | Found a hazy altar of Hepliaklqana.
  2270 | D:3      | Found a bloodstained altar of Trog.
  2387 | D:3      | Reached XP level 5. HP: 45/45 MP: 4/4
  2580 | D:3      | Found a bloodstained altar of Trog.
  2707 | D:4      | Identified a +1 rod of clouds (9/9) (You found it on level 4 of the Dungeon)
  2820 | D:4      | Reached * piety under Zin
  3036 | D:4      | Found a blossoming altar of Fedhas.
  3137 | D:4      | Reached skill level 7 in Long Blades
  3204 | D:4      | Found Dimafat's Food Shoppe.
  3232 | D:5      | Entered Level 5 of the Dungeon
  3232 | D:5      | Noticed Duvessa
  3232 | D:5      | Noticed Dowan
  3259 | D:5      | Noticed a dagger
  3260 | D:5      | Found a hide-covered altar of Uskayaw.
  3261 | D:5      | Noticed a hand axe
  3714 | D:5      | Found an oddly glowing altar of Pakellas.
  3756 | D:5      | Reached ** piety under Zin
  4366 | D:5      | Noticed a centaur
  4380 | D:5      | Killed a centaur
  4380 | D:5      | Reached skill level 8 in Long Blades
  4380 | D:5      | Reached XP level 6. HP: 19/51 MP: 5/5
  4713 | D:5      | Killed Duvessa
  4730 | D:5      | Killed Dowan
  4730 | D:5      | Reached XP level 7. HP: 52/57 MP: 6/6
  4917 | D:6      | Reached skill level 9 in Long Blades
  4917 | D:6      | Reached skill level 5 in Armour
  5148 | D:6      | Found a shattered altar of Ashenzari.
  5357 | D:6      | Reached XP level 8. HP: 60/64 MP: 7/7
  5375 | D:6      | Reached skill level 10 in Long Blades
  5515 | D:6      | Found a stormy altar of Qazlal.
  5843 | D:6      | Found an iron altar of Okawaru.
  5843 | D:6      | Found a snail-covered altar of Cheibriados.
  6265 | D:7      | Found a staircase to the Ecumenical Temple.
  6358 | D:7      | Found a glowing golden altar of the Shining One.
  6434 | D:7      | Reached skill level 1 in Invocations
  6471 | D:7      | Noticed Prince Ribbit
  6654 | D:7      | Reached *** piety under Zin
  6654 | D:7      | Reached skill level 1 in Dodging
  6710 | D:7      | Noticed Menkaure
  6718 | D:7      | Killed Menkaure
  7061 | D:7      | Found an opulent altar of Gozag.
  7062 | D:7      | Found a sparkling altar of Nemelex Xobeh.
  7146 | D:7      | Found Ocousch's Antique Weapon Emporium.
  7444 | D:8      | Noticed a kobold demonologist
  7449 | D:8      | Killed a kobold demonologist
  7479 | D:8      | Reached skill level 5 in Fighting
  7508 | D:8      | Reached XP level 9. HP: 71/74 MP: 10/10
  7589 | D:8      | Found Vawkelow's Book Shop.
  7596 | D:8      | Reached **** piety under Zin
  8152 | D:8      | Noticed a komodo dragon
  8158 | D:8      | Killed a komodo dragon
  8163 | D:8      | Reached skill level 11 in Long Blades
  8320 | D:8      | Reached ***** piety under Zin
  8591 | D:8      | Noticed an eight-headed hydra
  8756 | D:9      | Found a staircase to the Orcish Mines.
  8946 | D:9      | Reached skill level 5 in Dodging
  8949 | D:9      | Reached XP level 10. HP: 45/84 MP: 12/12
  9191 | D:9      | Found a basalt altar of Yredelemnul.
  9354 | D:9      | Reached skill level 5 in Invocations
  9900 | D:9      | Found a staircase to the Lair.
 10251 | Lair:1   | Entered Level 1 of the Lair of Beasts
 10251 | Lair:1   | Noticed a spiny frog
 10258 | Lair:1   | Killed a spiny frog
 10594 | Lair:1   | Noticed a seven-headed hydra
 10603 | Lair:1   | Killed an 11-headed hydra
 10603 | Lair:1   | Reached skill level 12 in Long Blades
 10603 | Lair:1   | Reached skill level 1 in Evocations
 10803 | Lair:1   | Noticed a spiny frog
 10807 | Lair:1   | Killed a spiny frog
 11110 | Lair:2   | Noticed a black mamba
 11116 | Lair:2   | Killed a black mamba
 11116 | Lair:2   | Reached XP level 11. HP: 79/95 MP: 14/14
 11278 | Lair:2   | Gained mutation: You occasionally shout uncontrollably at your foes. [potion of mutation]
 11278 | Lair:2   | HP: 4/95 [blink frog (8)]
 11278 | Lair:2   | Slain by a blink frog

Vault maps used:
D:1:      dpeg_arrival_boxes_within_box
D:2:      overflow_temple_1_default
D:3:      elyvilon_altar_5, lemuel_round_altar, lemuel_round_altar,
          serial_corexii_hall, corexii_hall_statues_i, corexii_hall_statues_i,
          trog_book
D:4:      serial_shops, kennysheep_little_box, fedhas_altar_2
D:5:      dancing_weapons_uskayaw, first_bread, grunt_pakellas_salt,
          uniq_duvessa
D:6:      evilmike_ruin_ashenzari, gammafunk_temple_overflow_elements,
          nicolae_ossuary_entry_giza, nicolae_qazlal_general_emergency
D:7:      grunt_temple_overflow_opulence, tso_metal_star, serial_shops,
          nicolae_shop_crystal, grunt_ministairs_3, uniq_prince_ribbit1,
          uniq_menkaure
D:8:      serial_shops, shop, hangedman_pestilent_swarm, minmay_the_grid_3x2
D:9:      lair_0_dummy, orc_0_dummy, basic_altar, st_stairs_6,
          kennysheep_cluttered_room
Lair:2:   grunt_forest_large_clearing_hut, grunt_megastairs_3

Skill      XL: |  1  2  3  4  5  6  7  8  9 10 11 |
---------------+----------------------------------+-----
Long Blades    | 3 4 5 6 8 9 10 11 12 | 12.4
Armour         | 4 6 7 9 |  9.6
Invocations    | 2 4 6 |  6.6
Fighting       | 5 6 8 |  8.6
Dodging        | 2 5 6 7 |  7.0
Evocations     | 2 3 |  3.0
Shields        | |  3.6

Action                   |  1- 3 |  4- 6 |  7- 9 | 10-12 || total
-------------------------+-------+-------+-------+-------++-------
Melee: Long sword        |   109 |   103 |       |       ||   212
       Headbutt          |    14 |    18 |    50 |    40 ||   122
       Great sword       |       |    25 |   278 |   162 ||   465
Invok: Imprison          |       |       |     1 |       ||     1
       Vitalisation      |       |       |       |     1 ||     1
Evoke: Wand              |       |       |       |     5 ||     5
  Use: Potion            |       |     2 |     5 |     8 ||    15
       Scroll            |       |     1 |     2 |    11 ||    14
  Eat: Chunk             |     3 |     7 |     9 |     7 ||    26
       Beef jerky        |       |     1 |     1 |       ||     2
       Meat ration       |       |       |     2 |       ||     2
Armor: Scale mail        |    51 |    40 |    48 |       ||   139
       Chain mail        |       |       |    61 |   127 ||   188
       Skin              |       |       |       |     2 ||     2
Dodge: Dodged            |    40 |    60 |   105 |   112 ||   317
